 Dungeon Crawl Stone Soup version 0.31-a0-161-gb58dd9be76 (webtiles) character file.

Game seed: 3978317836410455234

47 qw the Chopper (level 3, -5/23 HPs)
             Began as a Gargoyle Fighter on June 12, 2023.
             Slain by a goblin
             ... wielding a +0 club
             ... led by Robin
              (6 damage)
             ... on level 2 of the Dungeon.
             The game lasted 00:00:28 (715 turns).

qw the Chopper (Gargoyle Fighter)                    Turns: 715, Time: 00:00:28

Health: -5/23      AC: 10    Str: 21    XL:     3   Next: 70%
Magic:  3/3        EV:  9    Int:  8    God:
Gold:   51         SH:  4    Dex:  9    Spells: 2/2 levels left

rFire   + . .        Y - +0 war axe
rCold   . . .        c - +0 buckler
rNeg    + . .        b - +0 scale mail
rPois   inf          (no helmet)
rElec   +            (no cloak)
rCorr   .            (no gloves)
SInv    .            (no boots)
Will    .....        (no amulet) Stlth
                     i - +4 ring of slaying {mikee}
HPRegen 0.23/turn    j - ring of protection from fire
MPRegen 0.08/turn

%: no passive effects
@: no status effects
A: sickness immunity, AC +3, negative energy resistance 1, electricity
resistance, torment resistance 1, petrification resistance
a: no special abilities


You were on level 2 of the Dungeon.
You visited 1 branch of the dungeon, and saw 2 of its levels.

You collected 51 gold pieces.


Innate Abilities, Weirdness & Mutations

You are immune to sickness and miasma.
Your stone body is resilient. (AC +3)
You are immune to poison.
You resist negative energy. (rN+)
You are resistant to electric shocks. (rElec)
You are resistant to unholy torment.
You are immune to petrification.


   Skills:
 - Level 3.2 Fighting
 + Level 3.6 Axes
 - Level 3.2 Armour
 - Level 3.2 Shields


You had 2 spell levels left.
You didn't know any spells.
Your spell library was empty.

Inventory:

Hand Weapons
 f - a +0 club
 Y - a +0 war axe (weapon)
Armour
 b - a +0 scale mail (worn)
 c - a +0 buckler (worn)
Jewellery
 i - a +4 ring of slaying (left hand) {mikee}
 j - a ring of protection from fire (right hand)
Potions
 a - a potion of attraction {unknown}
 d - a potion of might

Dungeon Overview and Level Annotations

Branches:
Dungeon (2/15)

Altars:

Annotations:
D:2 Robin, Sigmund


Message History

A goblin comes into view. It is wielding a +0 club.
709 ||| Stepping ~*~*~tactically~*~*~ (stealth).
Robin, 2 hobgoblins, 7 goblins and an endoplasm come into view.
Robin shouts!
The hobgoblin shouts!
The goblin shouts! x7; Sigmund shouts!
The endoplasm quivers.
Sigmund mumbles some strange words.
Sigmund flickers and vanishes!
Deactivating autopickup; reactivate with Ctrl-A.
A goblin comes into view. It is wielding a +0 dagger.
Robin throws the goblin at you!
You slash the goblin!
You kill the goblin!
You slash the goblin!
You kill the goblin!
A bat comes into view.
Robin throws the goblin at you! The goblin hits you but does no damage.
The bat moves out of view.
You closely miss the goblin. You hit the goblin.
The goblin hits you but does no damage. The goblin barely misses you.
Robin throws the goblin at you!
Robin roars a battlecry!
The goblins go into a battle-frenzy!
Something hits you!
The goblin hits you but does no damage. x2
The goblin hits you with a +0 dagger.
You slash the goblin!
You kill the goblin!
You barely miss the goblin. You closely miss the goblin.
The goblin hits you with a +0 club. The goblin hits you with a +0 dagger.
You barely miss the goblin. You hit the goblin. x2
Something hits you but does no damage. The goblin hits you but does no damage.
The goblin closely misses you. x2
You completely miss the goblin.
The goblin is severely wounded.
You hit the goblin.
You kill the goblin!
You hit the goblin.
You kill the goblin!
The goblin hits you but does no damage. Something hits you.
The goblin hits you with a +0 club.
You die...

###.%## #....
####..)####### #....
#............# #....
#.##..%......# #..g.
#.##...>.....#
###$..g###.##.........#
....Jg.#........#######
#.ggg#........#
#gg@........#
#....##).......)# #..
............# #
..##.......(.# ...
#.........# ..
#..........# .
#...######## #...#


You could see Robin, an endoplasm, 2 hobgoblins and 5 goblins.

Vanquished Creatures
  An adder (D:2)
  A worm (D:2)
  2 dart slugs (D:1)
  A bat (D:1)
  2 endoplasms (D:1)
  7 goblins
  A hobgoblin (D:1)
  2 jackals (D:1)
  3 kobolds (D:1)
  3 quokkas (D:1)
  4 ball pythons (D:1)
  4 rats
31 creatures vanquished.

Notes
Turn   | Place    | Note
-------+----------+-------------------------------------------
     0 | D:1      | qw the Gargoyle Fighter began the quest for the Orb.
     0 | D:1      | Reached XP level 1. HP: 14/14 MP: 1/1
     0 | D:1      | 0 ||| qw: Version: 0.2-a-29-gc1b59c4
     0 | D:1      | 0 ||| qw: Game counter: 4249
     0 | D:1      | 0 ||| qw: Always use a shield: true
     0 | D:1      | 0 ||| qw: God list: Okawaru
     0 | D:1      | 0 ||| qw: Allow faded altars: false
     0 | D:1      | 0 ||| qw: Do Orc after D:15 true
     0 | D:1      | 0 ||| qw: Do second Lair branch before Depths: true
     0 | D:1      | 0 ||| qw: Lair rune preference: random
     0 | D:1      | 0 ||| qw: Plans: Normal, Zot:1-4, Slime:5, God:TSO, Crypt,
                  | Tomb, Abyss, Pan, Hells, Win
     0 | D:1      | 0 ||| PLANNING D:1-11
    67 | D:1      | 67 ||| Stepping ~*~*~tactically~*~*~ (hiding).
    85 | D:1      | 85 ||| Stepping ~*~*~tactically~*~*~ (hiding).
   125 | D:1      | Reached XP level 2. HP: 19/19 MP: 2/2
   216 | D:1      | 216 ||| Stepping ~*~*~tactically~*~*~ (stealth).
   224 | D:1      | Reached skill level 3 in Axes
   271 | D:1      | 271 ||| Stepping ~*~*~tactically~*~*~ (stealth).
   274 | D:1      | 274 ||| Stepping ~*~*~tactically~*~*~ (stealth).
   276 | D:1      | 276 ||| Stepping ~*~*~tactically~*~*~ (stealth).
   279 | D:1      | Reached XP level 3. HP: 23/23 MP: 3/3
   482 | D:1      | 482 ||| UPGRADING to +4 ring of slaying {mikee}.
   483 | D:1      | 483 ||| UPGRADING to ring of protection from fire.
   484 | D:1      | 484 ||| READING scroll labelled ZUZXUA JYMAQIY.
   488 | D:1      | 488 ||| DRINKING 2 grey potions.
   489 | D:1      | 489 ||| DRINKING 2 clear potions.
   594 | D:1      | 594 ||| DROPPING potion of brilliance.
   595 | D:1      | 595 ||| DROPPING potion of berserk rage.
   708 | D:2      | Noticed Sigmund
   709 | D:2      | 709 ||| Stepping ~*~*~tactically~*~*~ (stealth).
   710 | D:2      | Noticed Robin
   713 | D:2      | HP: 3/23 [goblin/+0 club[Robin] (4)]
   713 | D:2      | HP: 1/23 [goblin/+0 dagger[Robin] (2)]
   715 | D:2      | Slain by a goblin

Levels and vault maps discovered:
D:1:      minmay_arrival_widening_spiral_wide, layout_rooms
D:2:      layout_basic, serial_shops, shop, basic_altar, uniq_robin,
          uniq_natasha, uniq_sigmund

Skill      XL: |  1  2 |
---------------+-------+-----
Axes           | 2 3 |  3.6
Fighting       | |  3.2
Armour         | |  3.2
Shields        | |  3.2

Action                     || total
---------------------------++-------
  Melee: War axe           ||    59
    Use: Potion            ||     2
         Scroll            ||     1
 Armour: Scale mail        ||    34
  Dodge: Dodged            ||    24
  Block: Buckler           ||    10

Table legend:
 A = Non-vault XP
 B = Vault XP
 C = Vault XP percentage of total XP
 D = Non-vault monster count
 E = Vault monster count
 F = Vault count percentage of total count
                 A         B        C        D         E       F
            +---------+---------+-------+---------+---------+-------
      Total |      62 |       9 |  12.7 |      26 |       5 |  16.1
            +---------+---------+-------+---------+---------+-------
        D:1 |      41 |       0 |   0.0 |      22 |       0 |   0.0
        D:2 |      21 |       9 |  30.0 |       4 |       5 |  55.6
            +---------+---------+-------+---------+---------+-------
